Map: Romanticide LE

Players

Infernox - Winner!

  • Race: Terran Terran
  • Spawn Location: 11:00

A.I. 1 (Elite)

  • Race: Zerg Zerg
  • Spawn Location: 5:00

VOD

Have the link to the VOD?

Description

Time

  • Played on: Oct. 30, 2020, 3:08 a.m.
  • Length: 11:59
Show
View Real Time Build Order
Export as new Build Order

Infernox Terran - Winner!

Build Orders: Reaper Expand 

Get SALT Encoding   

  12  0:00  SCV  
  13  0:12  SCV  
  14  0:16  Supply Depot  
  14  0:24  SCV  
  15  0:38  SCV  
  15  0:40  Barracks  
  15  0:42  Refinery  
  16  0:50  SCV  
  17  1:02  SCV  
  18  1:14  SCV  
  19  1:26  Reaper, Orbital Command  
  20  1:39  Command Center  
  20  1:46  Supply Depot  
  20  1:53  SCV  
  21  1:58  Marine  
  22  2:05  Factory  
  22  2:06  SCV  
  23  2:17  Barracks  
  23  2:18  SCV  
  23  2:21  Barracks Reactor  
  24  2:30  SCV  
  25  2:43  SCV  
  26  2:47  Command Center  
  26  2:55  Orbital Command  
  26  2:59  SCV  
  29  3:06  Barracks Tech Lab  
  29  3:07  Barracks Reactor  
  29  3:12  SCV  
  28  3:16  Hellion x2  
  32  3:20  SCV  
  32  3:24  SCV  
  32  3:25  Stimpack, Marine  
  35  3:33  SCV  
  36  3:36  SCV  
  36  3:37  Hellion x2  
  41  3:43  Marine x3  
  41  3:46  Supply Depot, SCV  
  45  3:50  SCV  
  46  3:59  Orbital Command  
  46  4:01  Marine x3  
  49  4:04  SCV, Refinery  
  49  4:05  Refinery  
  49  4:06  SCV  
  51  4:12  Hellion  
  51  4:13  Hellion  
  55  4:17  Starport  
  55  4:18  SCV  
  55  4:20  SCV  
  57  4:26  Supply Depot, Marine, SCV  
  57  4:27  Marine  
  57  4:28  Marine  
  61  4:36  Hellion x2  
  61  4:38  SCV x2  
  67  4:39  SCV  
  68  4:45  Marine  
  68  4:47  Marine x2  
  68  4:48  Supply Depot  
  68  4:50  SCV x2  
  68  4:51  SCV  
  74  4:58  Engineering Bay x2  
  74  5:04  Marine  
  74  5:05  Orbital Command  
  74  5:06  Medivac  
  77  5:09  Medivac, Marine x2  
  77  5:12  Supply Depot  
  81  5:15  Factory Reactor  
  81  5:17  SCV x2  
  83  5:23  Supply Depot  
  83  5:25  Terran Infantry Weapons Level 1, Terran Infantry Armor Level 1  
  83  5:29  SCV x2  
  83  5:31  Barracks  
  86  5:35  SCV  
  86  5:38  Supply Depot  
  86  5:41  SCV  
  87  5:43  Combat Shield  
  87  5:45  SCV  
  87  5:46  Command Center  
  87  5:48  SCV  
  89  5:57  Armory  
  89  6:00  Marine x3  
  89  6:01  Widow Mine x2, Refinery  
  89  6:03  SCV  
  89  6:04  SCV  
  98  6:05  SCV  
  99  6:15  SCV  
  99  6:16  SCV  
  99  6:17  Supply Depot x2, Marine  
  99  6:18  Medivac x2  
  106  6:21  Barracks  
  106  6:23  SCV  
  107  6:25  Barracks  
  107  6:29  Barracks Reactor, Marine  
  107  6:31  SCV  
  109  6:37  Refinery x2  
  109  6:38  SCV  
  109  6:39  Marauder, Widow Mine  
  111  6:43  Marine  
  111  6:44  SCV x2  
  111  6:46  Supply Depot  
  97  6:48  Supply Depot  
  97  6:50  SCV  
  90  6:56  SCV x2  
  90  6:59  Marine  
  90  7:00  Marauder  
  90  7:01  Marine  
  94  7:02  SCV  
  94  7:06  Marine x2  
  94  7:08  Medivac, SCV x2, Widow Mine x2  
  102  7:09  Medivac, Barracks Tech Lab  
  102  7:12  Supply Depot, Barracks Reactor  
  102  7:13  Supply Depot  
  107  7:16  SCV  
  107  7:17  Marine  
  107  7:18  Marine  
  107  7:20  SCV  
  107  7:22  Marauder  
  113  7:24  Marine, SCV  
  113  7:26  Marine  
  113  7:28  SCV, Refinery  
  117  7:31  Terran Infantry Weapons Level 2  
  117  7:33  Terran Infantry Armor Level 2  
  117  7:35  Marine  
  117  7:36  Marine  
  119  7:39  Planetary Fortress  
  119  7:40  SCV x3  
  119  7:41  Marine  
  119  7:42  Concussive Shells  
  119  7:43  Marauder  
  125  7:45  Marine x2  
  125  7:46  Widow Mine  
  125  7:47  Supply Depot  
  129  7:52  SCV x2  
  129  7:53  Marine x3, SCV  
  129  7:56  Widow Mine  
  129  7:58  Medivac  
  139  7:59  Medivac  
  139  8:02  Supply Depot  
  139  8:03  Marine x3  
  139  8:04  Marauder x2  
  139  8:05  SCV x2  
  150  8:06  SCV  
  150  8:09  Terran Vehicle And Ship Armor Level 1  
  150  8:10  Supply Depot  
  151  8:16  Marine x3  
  151  8:17  SCV x2  
  151  8:18  SCV  
  157  8:20  Refinery  
  157  8:21  Marine  
  157  8:25  Marauder  
  160  8:29  Marauder, Marine x2  
  160  8:30  Medivac x2, Widow Mine x2  
  160  8:34  Supply Depot, Marine x2  
  166  8:40  Command Center  
  159  8:44  Armory  
  159  8:45  Marine x2  
  159  8:46  Marauder, Marine  
  159  8:47  Marine  
  165  8:51  Marauder  
  165  8:52  Factory  
  165  8:53  Starport  
  167  8:57  Marine  
  168  9:04  Marine x4  
  168  9:05  Widow Mine x2  
  168  9:08  Marauder  
  178  9:12  Marauder, Barracks  
  178  9:14  Barracks  
  178  9:15  Barracks  
  180  9:26  Marine x2  
  180  9:27  Marine x3  
  180  9:29  Marauder, Command Center  
  187  9:33  Marine  
  187  9:34  Marauder  
  187  9:35  Starport Reactor  
  187  9:36  Fusion Core  
  190  9:40  Ghost Academy  
  190  9:44  Marine x2  
  190  9:45  Marine  
  188  9:46  Medivac x2  
  188  9:51  Marauder  
  188  9:52  Marine x3  
  196  9:55  Marauder  
  199  10:05  Terran Vehicle Weapons Level 1  
  199  10:12  Marine  
  200  10:14  Barracks Tech Lab  
  200  10:15  Barracks Reactor, Barracks Tech Lab  
  200  10:20  Factory Tech Lab  
  200  10:21  Factory  
  200  10:33  Planetary Fortress  
  200  10:34  Command Center x2  
  200  10:35  Sensor Tower  
  200  10:36  Sensor Tower  
  200  10:40  Starport  
  200  10:42  Sensor Tower  
  200  11:07  Planetary Fortress  
  200  11:10  Refinery  
  200  11:15  Refinery  
  200  11:16  Factory Reactor  
  200  11:18  Starport Reactor  
  200  11:22  Barracks  
  200  11:23  Barracks, Factory  
  200  11:28  Barracks  
  200  11:29  Barracks, Marine  
  200  11:42  Command Center  
  200  11:47  Unknown  
  200  11:53  Command Center  
  200  11:54  Command Center  
Show
View Real Time Build Order
Export as new Build Order

A.I. 1 (Elite) Zerg 

Build Orders: Hatch First 

Get SALT Encoding   

  12  0:00  Drone  
  13  0:12  Overlord  
  13  0:16  Drone  
  14  0:30  Drone x2  
  14  0:34  Drone  
  17  0:54  Hatchery  
  17  0:55  Drone  
  17  1:11  Spawning Pool  
  17  1:13  Extractor  
  17  1:15  Drone  
  16  1:19  Drone  
  16  1:21  Extractor  
  16  1:25  Drone  
  17  1:29  Drone  
  18  1:38  Drone  
  19  1:49  Overlord  
  19  1:58  Queen  
  21  2:04  Zergling x2  
  22  2:17  Drone  
  22  2:26  Queen  
  24  2:31  Drone  
  24  2:36  Zergling x2  
  25  2:41  Drone  
  26  2:46  Drone  
  26  2:51  Drone  
  28  3:03  Lair  
  28  3:08  Zergling x2  
  28  3:10  Zergling x2  
  30  3:14  Drone  
  30  3:17  Drone  
  32  3:21  Drone  
  32  3:25  Zergling x2  
  34  3:28  Zergling x2  
  34  3:31  Zergling x2  
  36  3:37  Overlord  
  35  3:47  Baneling Nest  
  35  3:48  Drone  
  35  3:56  Zergling x2  
  36  4:03  Drone  
  36  4:06  Drone, Spire  
  36  4:09  Drone  
  38  4:11  Drone  
  38  4:15  Drone  
  40  4:17  Drone  
  40  4:20  Drone  
  42  4:25  Overlord  
  42  4:31  Baneling  
  42  4:32  Zergling x2  
  42  4:33  Baneling x4  
  42  4:35  Zergling x2  
  44  4:38  Baneling  
  44  4:44  Roach Warren  
  43  4:52  Hydralisk Den  
  43  4:58  Overlord  
  42  5:00  Drone  
  42  5:02  Drone  
  42  5:05  Drone  
  45  5:07  Drone  
  45  5:09  Drone  
  45  5:11  Drone  
  48  5:16  Drone x2  
  48  5:19  Overlord  
  50  5:22  Drone, Hydralisk  
  50  5:25  Hydralisk  
  50  5:26  Roach  
  59  5:28  Roach  
  59  5:37  Hydralisk  
  59  5:38  Drone, Roach  
  59  5:39  Overlord  
  59  5:42  Roach  
  66  5:45  Hydralisk  
  68  5:57  Overlord, Drone, Hydralisk  
  68  5:58  Drone, Roach  
  68  5:59  Drone  
  68  6:01  Drone  
  76  6:15  Hydralisk  
  76  6:16  Drone x2, Overlord, Roach x2  
  84  6:29  Baneling  
  84  6:30  Evolution Chamber  
  84  6:31  Drone  
  84  6:34  Drone, Overlord, Roach  
  84  6:39  Hatchery  
  82  6:45  Zergling x2  
  82  6:46  Zergling x2  
  71  6:48  Drone  
  71  6:51  Roach  
  71  6:52  Hydralisk  
  65  6:55  Hydralisk  
  65  6:57  Zerg Missile Weapons Level 1  
  65  6:59  Hydralisk  
  69  7:01  Roach  
  69  7:03  Roach  
  69  7:05  Roach  
  69  7:08  Roach  
  77  7:10  Overseer  
  77  7:11  Hydralisk  
  79  7:19  Evolution Chamber  
  79  7:20  Hydralisk  
  79  7:21  Extractor  
  79  7:26  Extractor, Drone, Baneling  
  79  7:30  Baneling, Zergling x2  
  79  7:35  Baneling  
  80  7:39  Baneling, Zergling x2  
  80  7:44  Drone x3, Zerg Ground Armor Level 1  
  82  7:48  Drone x3  
  87  7:51  Drone  
  87  7:52  Drone x4, Ravager  
  87  7:53  Drone, Overlord  
  87  7:56  Drone  
  95  8:00  Drone  
  95  8:01  Extractor, Drone, Baneling  
  96  8:07  Baneling x2, Zergling x2  
  96  8:11  Baneling, Zergling x2  
  96  8:12  Drone  
  99  8:17  Extractor, Zergling x2  
  99  8:18  Overlord  
  99  8:19  Drone, Roach  
  102  8:21  Drone, Mutalisk  
  102  8:22  Zergling x2  
  102  8:23  Drone, Zergling x2  
  102  8:26  Baneling x2  
  108  8:29  Drone  
  108  8:33  Drone  
  108  8:34  Drone  
  108  8:40  Roach  
  81  8:42  Baneling x2  
  81  8:44  Roach, Zergling x2  
  81  8:45  Baneling x2  
  81  8:50  Zergling x8  
  81  8:53  Mutalisk  
  81  8:54  Roach x2  
  81  8:55  Drone x2  
  92  8:59  Overseer  
  92  9:02  Drone  
  84  9:04  Baneling x2  
  84  9:06  Drone, Roach  
  79  9:12  Baneling x3, Zergling x2  
  79  9:13  Baneling  
  79  9:14  Baneling  
  79  9:16  Zergling x2  
  72  9:17  Roach  
  72  9:22  Drone x3  
  67  9:27  Zergling x2  
  67  9:28  Hydralisk  
  43  9:38  Roach  
  35  9:51  Zergling x2  
  26  10:00  Hatchery  
Tags
 
Add a new tag
Caveats
  • Supply blocks, unpowered buildings, or Contaminate may cause inaccurate times.
  • Supply counts are checked every 10 seconds.